ITL
DETROIT X-WINGS @ TUSCALOOSA TROUT SLAYERS
09/26/2027
 
TOP OF THE 1ST
Detroit X-Wings batting - Pitching for Tuscaloosa Trout Slayers : LHP José Acevedo
Pitching: LHP José Acevedo
Batting: LHB Craig Kenney 0-0: Called Strike
0-1: Ball
1-1: Ball
2-1: Called Strike
2-2: Strikes out looking
Batting: RHB Gary Witt 0-0: Foul Ball, location: 2F
0-1: Fly out, F8 (Flyball, 8LS)
Batting: LHB Chris Loudermilk 0-0: Ball
1-0: Ball
2-0: Swinging Strike
2-1: Called Strike
2-2: Strikes out swinging
Top of the 1st over - 0 run(s), 0 hit(s), 0 error(s), 0 left on base; Detroit 0 - Tuscaloosa 0
BOTTOM OF THE 1ST
Tuscaloosa Trout Slayers batting - Pitching for Detroit X-Wings : LHP José Ramírez
Pitching: LHP José Ramírez
Batting: RHB Lowie van den Bogaert 0-0: Ball
1-0: Fly out, F9 (Flyball, 9LS)
Batting: RHB Alfredo Díaz 0-0: Foul Ball, location: 2F
0-1: Ball
1-1: Reached on error, E5 (Groundball, 56)
Batting: LHB António Cedeño 0-0: Ball
1-0: Ball
2-0: Foul Ball, location: 2F
2-1: Ball
3-1: Ground out 3-1 (Groundball, 34S)
Alfredo Díaz to third
Batting: RHB Shigemasa Ishida 0-0: DOUBLE (Line Drive, 9D)
Alfredo Díaz scores
Batting: LHB Marcos Villarreal 0-0: Ball
1-0: Ball
2-0: Called Strike
2-1: SINGLE (Groundball, 4MD)
Shigemasa Ishida to third
Runner from 3rd tries for Home, SAFE, no throw
Batting: LHB Ed Hart 0-0: Swinging Strike
0-1: Called Strike
0-2: Ball
Wild Pitch!
Marcos Villarreal to second
1-2: Ball
2-2: Ground out 6-3 (Groundball, 6)
Bottom of the 1st over - 2 run(s), 2 hit(s), 1 error(s), 1 left on base; Detroit 0 - Tuscaloosa 2
TOP OF THE 2ND
Detroit X-Wings batting - Pitching for Tuscaloosa Trout Slayers : LHP José Acevedo
Batting: RHB Keith Sims 0-0: Called Strike
0-1: Called Strike
0-2: Foul Ball, location: 2F
0-2: Strikes out swinging
Batting: RHB Jorge Castillo 0-0: Ball
1-0: Called Strike
1-1: Ball
2-1: Foul Ball, location: 2F
2-2: Foul Ball, location: 2F
2-2: Ball
3-2: Ground out 5-3 (Groundball, 5)
Batting: RHB Vincente Encarnación 0-0: SINGLE (Flyball, 9LS)
Batting: RHB Albert Chávez 0-0: Ball
1-0: Called Strike
1-1: Ball
2-1: Fielders Choice at 2nd, 5-4 (Groundball, 56)
Top of the 2nd over - 0 run(s), 1 hit(s), 0 error(s), 0 left on base; Detroit 0 - Tuscaloosa 2
BOTTOM OF THE 2ND
Tuscaloosa Trout Slayers batting - Pitching for Detroit X-Wings : LHP José Ramírez
Batting: RHB Juan Reyes 0-0: SINGLE (Flyball, 9LS)
Batting: RHB Tetsunori Ito 0-0: Ball
1-0: Ball
2-0: Foul Ball, location: 2F
2-1: Called Strike
2-2: Ball
3-2: Strikes out looking
Batting: RHB Satoru Daikawa 0-0: Ground out 5-3 (Groundball, 56)
Juan Reyes to second
Batting: RHB Lowie van den Bogaert 0-0: Called Strike
0-1: Ball
1-1: Fly out, F8 (Flyball, 8LM)
Bottom of the 2nd over - 0 run(s), 1 hit(s), 0 error(s), 1 left on base; Detroit 0 - Tuscaloosa 2
TOP OF THE 3RD
Detroit X-Wings batting - Pitching for Tuscaloosa Trout Slayers : LHP José Acevedo
Batting: LHB Sergio Luna 0-0: Ball
1-0: Ball
2-0: Ground out 1-3 (Groundball, 13)
Batting: RHB Yoshitsune Kamida 0-0: Ball
1-0: Called Strike
1-1: Foul Ball, location: 2F
1-2: Foul Ball, location: 2F
1-2: Ground out 3-1 (Groundball, 34S)
Batting: LHB Craig Kenney 0-0: Called Strike
0-1: Ground out 1-3 (Groundball, 13)
Top of the 3rd over - 0 run(s), 0 hit(s), 0 error(s), 0 left on base; Detroit 0 - Tuscaloosa 2
BOTTOM OF THE 3RD
Tuscaloosa Trout Slayers batting - Pitching for Detroit X-Wings : LHP José Ramírez
Batting: RHB Alfredo Díaz 0-0: Fly out, F7 (Flyball, 7D)
Batting: LHB António Cedeño 0-0: Called Strike
0-1: Called Strike
0-2: Strikes out swinging
Batting: RHB Shigemasa Ishida 0-0: Ball
1-0: Ground out 6-3 (Groundball, 6)
Bottom of the 3rd over - 0 run(s), 0 hit(s), 0 error(s), 0 left on base; Detroit 0 - Tuscaloosa 2
TOP OF THE 4TH
Detroit X-Wings batting - Pitching for Tuscaloosa Trout Slayers : LHP José Acevedo
Batting: RHB Gary Witt 0-0: Ball
1-0: Ball
2-0: Ball
3-0: Called Strike
3-1: Called Strike
3-2: Fly out, F9 (Flyball, 9S)
Batting: LHB Chris Loudermilk 0-0: Ball
1-0: Called Strike
1-1: Swinging Strike
1-2: Ball
2-2: Foul Ball, location: 2F
2-2: Foul Ball, location: 2F
2-2: SINGLE (Line Drive, 56)
Batting: RHB Keith Sims 0-0: Foul Ball, location: 2F
0-1: Called Strike
0-2: Strikes out looking
Chris Loudermilk steals 2nd base
Batter strikes out.
Batting: RHB Jorge Castillo 0-0: Ball
1-0: Ball
2-0: Called Strike
2-1: Fly out, F9 (Flyball, 9S)
Top of the 4th over - 0 run(s), 1 hit(s), 0 error(s), 1 left on base; Detroit 0 - Tuscaloosa 2
BOTTOM OF THE 4TH
Tuscaloosa Trout Slayers batting - Pitching for Detroit X-Wings : LHP José Ramírez
Batting: LHB Marcos Villarreal 0-0: Ball
1-0: Fly out, F8 (Flyball, 89M)
Batting: LHB Ed Hart 0-0: Ball
1-0: Ball
2-0: Foul Ball, location: 2F
2-1: Foul Ball, location: 2F
2-2: Strikes out swinging
Batting: RHB Juan Reyes 0-0: Foul Ball, location: 2F
0-1: Foul Ball, location: 2F
0-2: Ball
1-2: Ground out 4-3 (Groundball, 4S)
Bottom of the 4th over - 0 run(s), 0 hit(s), 0 error(s), 0 left on base; Detroit 0 - Tuscaloosa 2
TOP OF THE 5TH
Detroit X-Wings batting - Pitching for Tuscaloosa Trout Slayers : LHP José Acevedo
Batting: RHB Vincente Encarnación 0-0: Ball
1-0: Called Strike
1-1: SINGLE (Line Drive, 8LM)
Batting: RHB Albert Chávez 0-0: SINGLE (Line Drive, 4D)
Vincente Encarnación to second
Vincente Encarnación to third
Batting: LHB Sergio Luna 0-0: Called Strike
0-1: Swinging Strike
0-2: Ball
1-2: Ball
2-2: Foul Ball, location: 2F
2-2: Strikes out swinging
Batting: RHB Yoshitsune Kamida 0-0: Ball
1-0: Called Strike
1-1: Ball
2-1: Called Strike
2-2: Foul Ball, location: 2F
2-2: Ball
3-2: Strikes out swinging
Throwing error on steal attempt, E2
Vincente Encarnación scores
Albert Chávez to third
Batting: LHB Craig Kenney 0-0: Ball
1-0: Called Strike
1-1: Ground out 5-3 (Groundball, 56S)
Top of the 5th over - 1 run(s), 2 hit(s), 1 error(s), 1 left on base; Detroit 1 - Tuscaloosa 2
BOTTOM OF THE 5TH
Tuscaloosa Trout Slayers batting - Pitching for Detroit X-Wings : LHP José Ramírez
Batting: RHB Tetsunori Ito 0-0: Ball
1-0: Ball
2-0: Called Strike
2-1: Ground out 6-3 (Groundball, 6)
Batting: RHB Satoru Daikawa 0-0: Called Strike
0-1: Fly out, F4 (Line Drive, 4M)
Batting: RHB Lowie van den Bogaert 0-0: Ball
1-0: Ball
2-0: Fly out, F5 (Popup, 5S)
Bottom of the 5th over - 0 run(s), 0 hit(s), 0 error(s), 0 left on base; Detroit 1 - Tuscaloosa 2
TOP OF THE 6TH
Detroit X-Wings batting - Pitching for Tuscaloosa Trout Slayers : LHP José Acevedo
Batting: RHB Gary Witt 0-0: Called Strike
0-1: SINGLE (Groundball, 34D)
Batting: LHB Chris Loudermilk 0-0: Called Strike
0-1: Ball
1-1: SINGLE (Groundball, 15S) (infield hit)
Gary Witt to second
Batting: RHB Keith Sims 0-0: Called Strike
0-1: Fly out, F8 (Flyball, 8LD)
Runner from 2nd tags up, SAFE at 3rd, no throw
Batting: RHB Jorge Castillo 0-0: Ball
1-0: Called Strike
1-1: Called Strike
1-2: Ball
2-2: Fly out, F7 (Flyball, 7)
Runner from 3rd tags up, SCORES, no throw
Batting: RHB Vincente Encarnación 0-0: Called Strike
0-1: Foul Ball, location: 2F
0-2: Ball
1-2: Ball
2-2: Strikes out swinging
Top of the 6th over - 1 run(s), 2 hit(s), 0 error(s), 1 left on base; Detroit 2 - Tuscaloosa 2
BOTTOM OF THE 6TH
Tuscaloosa Trout Slayers batting - Pitching for Detroit X-Wings : LHP José Ramírez
Batting: RHB Alfredo Díaz 0-0: Called Strike
0-1: Foul Ball, location: 2F
0-2: Ball
1-2: Ball
2-2: Ball
3-2: Base on Balls
Batting: LHB António Cedeño 0-0: Ball
1-0: Swinging Strike
1-1: Foul Ball, location: 2F
1-2: Foul Ball, location: 2F
1-2: SINGLE (Groundball, 4MD)
Alfredo Díaz to second
Batting: RHB Shigemasa Ishida 0-0: Called Strike
0-1: Grounds into double play, 4-6-3 (Groundball, 34)
Alfredo Díaz to third
Batting: LHB Marcos Villarreal 0-0: Ball
1-0: Ball
2-0: Foul Ball, location: 2F
2-1: Foul Ball, location: 2F
2-2: Hit by Pitch
Batting: LHB Ed Hart 0-0: Ball
1-0: Fly out, F7 (Flyball, 78S)
Bottom of the 6th over - 0 run(s), 1 hit(s), 0 error(s), 2 left on base; Detroit 2 - Tuscaloosa 2
TOP OF THE 7TH
Detroit X-Wings batting - Pitching for Tuscaloosa Trout Slayers : LHP José Acevedo
Pitching: RHP Ronald Adams
Pinch Hitting: SHB Felipe Detorres 0-0: Ball
1-0: Foul Ball, location: 2F
1-1: Ball
2-1: Ball
3-1: Foul Ball, location: 2F
3-2: Strikes out looking
Batting: LHB Sergio Luna 0-0: Ball
1-0: Ball
2-0: Ball
3-0: Base on Balls
Batting: RHB Yoshitsune Kamida 0-0: Ball
1-0: Ball
2-0: Called Strike
2-1: Ground out 4-3 (Groundball, 34)
Sergio Luna to second
Batting: LHB Craig Kenney 0-0: Ball
1-0: Ball
2-0: Ball
3-0: Called Strike
3-1: Swinging Strike
3-2: Foul Ball, location: 2F
3-2: Foul Ball, location: 2F
3-2: Foul Ball, location: 2F
3-2: Foul Ball, location: 2F
3-2: Ground out U3 (Groundball, 3)
Top of the 7th over - 0 run(s), 0 hit(s), 0 error(s), 1 left on base; Detroit 2 - Tuscaloosa 2
BOTTOM OF THE 7TH
Tuscaloosa Trout Slayers batting - Pitching for Detroit X-Wings : LHP José Ramírez
Now at 3B: Felipe Detorres
Batting: RHB Juan Reyes 0-0: Foul Ball, location: 2F
0-1: Foul Ball, location: 2F
0-2: Ball
1-2: Strikes out swinging
Pinch Hitting: RHB César Reyes 0-0: Ground out 5-3 (Groundball, 5)
Batting: RHB Satoru Daikawa 0-0: Fly out, F2 (Popup, 2L)
Bottom of the 7th over - 0 run(s), 0 hit(s), 0 error(s), 0 left on base; Detroit 2 - Tuscaloosa 2
TOP OF THE 8TH
Detroit X-Wings batting - Pitching for Tuscaloosa Trout Slayers : RHP Ronald Adams
Now at SS: José Ortega
Batting: RHB Gary Witt 0-0: Called Strike
0-1: Ball
1-1: Ball
2-1: Swinging Strike
2-2: Fly out, F8 (Flyball, 78M)
Batting: LHB Chris Loudermilk 0-0: Ball
1-0: Ball
2-0: Swinging Strike
2-1: Fly out, F7 (Flyball, 78M)
Pinch Hitting: LHB Paul Alston 0-0: Swinging Strike
0-1: Ball
1-1: Swinging Strike
1-2: Strikes out swinging
Top of the 8th over - 0 run(s), 0 hit(s), 0 error(s), 0 left on base; Detroit 2 - Tuscaloosa 2
BOTTOM OF THE 8TH
Tuscaloosa Trout Slayers batting - Pitching for Detroit X-Wings : LHP José Ramírez
Pitching: RHP Lance Sanders
Now at 3B: Domingo Ávila
Batting: RHB Lowie van den Bogaert 0-0: Ball
1-0: Ball
2-0: Swinging Strike
2-1: Fly out, F6 (Popup, 56)
Pinch Hitting: LHB Miguel Rosa 0-0: Called Strike
0-1: Ball
1-1: Ball
2-1: Ball
3-1: Base on Balls
Batting: LHB António Cedeño 0-0: Ball
1-0: Ball
2-0: Swinging Strike
2-1: SINGLE (Flyball, 8RS)
Miguel Rosa to second
Throwing error, E8
Miguel Rosa scores
António Cedeño to second
Batting: RHB Shigemasa Ishida 0-0: Ball
1-0: Ball
2-0: Foul Ball, location: 2F
2-1: Foul Ball, location: 2F
2-2: Ball
3-2: Fly out, F4 (Popup, 4MD)
Batting: LHB Marcos Villarreal 0-0: Ball
1-0: Ball
2-0: Ball
3-0: Base on Balls
Batting: LHB Ed Hart 0-0: Ball
1-0: Called Strike
1-1: Fly out, F8 (Flyball, 78M)
Bottom of the 8th over - 1 run(s), 1 hit(s), 1 error(s), 2 left on base; Detroit 2 - Tuscaloosa 3
TOP OF THE 9TH
Detroit X-Wings batting - Pitching for Tuscaloosa Trout Slayers : RHP Ronald Adams
Pitching: RHP Matt McGinnity
Now in LF: Kurt Walter
Now in RF: Miguel Rosa
Pinch Hitting: LHB Jeremy Cox 0-0: Ball
1-0: Called Strike
1-1: Foul Ball, location: 2F
1-2: Ball
2-2: Ground out U3 (Groundball, 3)
Batting: RHB Vincente Encarnación 0-0: Ball
1-0: Ball
2-0: Ball
3-0: Base on Balls
Batting: SHB Felipe Detorres 0-0: Ball
1-0: Called Strike
1-1: Grounds into double play, 4-6-3 (Groundball, 4)
Top of the 9th over - 0 run(s), 0 hit(s), 0 error(s), 0 left on base; Detroit 2 - Tuscaloosa 3
Thursday, March 30th, 2017 - OOTP Baseball 17.12 Build 75